 Dungeon Crawl Stone Soup version 0.29-a0-643-ga013cefcf8 (webtiles) character file.

Game seed: 17577926166129754808

252 CollectiveS the Cudgeller (level 5, -1/42 HPs)
             Began as a Demonspawn Fighter on June 19, 2022.
             Was a Follower of Ashenzari.
             Succumbed to a gnoll's poison
             ... on level 3 of the Dungeon.
             The game lasted 00:15:46 (3827 turns).

CollectiveS the Cudgeller (Demonspawn Fighter)      Turns: 3827, Time: 00:15:47

Health: -1/42      AC:  8    Str: 19    XL:     5   Next: 89%
Magic:  5/5        EV:  6    Int:  9    God:    Ashenzari [*.....]
Gold:   281        SH:  9    Dex: 12    Spells: 4/4 levels left

rFire   . . .      SeeInvis .   a - +0 flail
rCold   . . .      Faith    .   c - +0 buckler
rNeg    . . .      Spirit   .   y - +0 chain mail
rPois   .          Reflect  +   (helmet restricted)
rElec   .          Harm     .   o - scarf "Cursed With Me" {repulsion, Range, Cun} (curse)
rCorr   .          Rampage  .   (no gloves)
Will    .....                   (no boots)
Stlth   ..........              p - amulet of the Enlightened Sky {Reflect SH+5, Melee, Self} (curse)
HPRegen 0.14/turn               (no ring)
MPRegen 0.09/turn               (no ring)

@: lethally poisoned (-1 -> -17), repel missiles
A: horns 2, powered by death 2
a: Renounce Religion, Curse Item, Shatter the Chains


You were on level 3 of the Dungeon.
You worshipped Ashenzari.
Ashenzari was aware of your devotion.
You visited 1 branch of the dungeon, and saw 4 of its levels.

You collected 281 gold pieces.

Inventory:

Hand Weapons
 a - a +0 flail (weapon)
Armour
 c - a +0 buckler (worn)
 o - the cursed scarf "Cursed With Me" (worn) {repulsion, Range, Cun}
   (You found it on level 2 of the Dungeon)

   It has a curse which improves the following skills: Ranged Combat: Slings,
   Bows, Crossbows and Throwing.
   Cunning:   Dodging and Stealth.
 y - a +0 chain mail (worn)
Jewellery
 p - the cursed amulet of the Enlightened Sky (around neck) {Reflect SH+5, Melee, Self}
   (You found it on level 2 of the Dungeon)

   [amulet of reflection]

   It reflects blocked missile attacks.
   SH:        It affects your SH (+5).
   It has a curse which improves the following skills: Melee Combat: Short
   Blades, Long Blades, Axes, Maces & Flails, Polearms, Staves and Unarmed
   Combat.
   Introspection: Fighting and Spellcasting.
 x - a +6 ring of strength
Scrolls
 i - 2 scrolls of enchant weapon
 k - 3 scrolls of fear
 l - a scroll of amnesia
 n - 2 scrolls of enchant armour
 q - a scroll of summoning
 r - a scroll of vulnerability
 t - 2 scrolls of teleportation
 u - a scroll of acquirement
Potions
 b - 2 potions of curing
 d - 2 potions of might
 e - a potion of attraction
 f - a potion of haste
 h - 2 potions of cancellation
 j - 2 potions of lignification
 m - 3 potions of flight
 s - a potion of mutation
 v - a potion of magic
 w - a potion of berserk rage


   Skills:
 - Level 3.0(3.8) Fighting
 + Level 5.6(6.5) Maces & Flails
 - Level 2.7 Armour
 - Level 2.7 Shields


You had 4 spell levels left.
You didn't know any spells.
Your spell library contained the following spells:

 Spells                   Type           Power      Damage    Failure   Level
 Sublimation of Blood     Necr           0%         N/A       100%        2
 Wereblood                Tmut           0%         N/A       100%        2
 Ignite Poison            Fire/Tmut/Pois 0%         N/A       100%        3
 Mephitic Cloud           Conj/Pois/Air  0%         N/A       100%        3
 Freezing Cloud           Conj/Ice/Air   0%         6-21      100%        5
 Irradiate                Conj/Tmut      0%         3d13      100%        5
 Storm Form               Tmut/Air       0%         N/A       100%        7
 Summon Hydra             Summ           0%         N/A       100%        7


Dungeon Overview and Level Annotations

Branches:
Dungeon (4/15)
 Temple: D:4-7

Altars:
Ashenzari
Elyvilon
Nemelex Xobeh

Shops:
D:1 (


Innate Abilities, Weirdness & Mutations

You have a pair of horns on your head.
You regenerate health from kills.


Message History

Your headbutt misses the gnoll shaman.
The gnoll shaman hits you with a +0 hand axe.
The gnoll shaman attacks as you move away!
You block the gnoll shaman's attack.
You sock the gnoll shaman!
The gnoll shaman is heavily wounded.
You block the gnoll shaman's attack.
You hit the gnoll shaman. Your headbutt misses the gnoll shaman.
The gnoll shaman is almost dead.
The gnoll shaman hits you with a +0 hand axe!
The gnoll barely misses you.
You barely miss the gnoll shaman.
The gnoll shaman is almost dead.
The gnoll shaman hits you with a +0 hand axe.
You block the gnoll's attack.
Unknown command.
You closely miss the gnoll shaman. You headbutt the gnoll shaman.
You kill the gnoll shaman!
You block the gnoll's attack.
Unknown command.
A gnoll comes into view. It is wielding a +0 flail.
The gnoll shouts!
You hear a shout!
The gnoll moves out of view.
The gnoll hits you from afar with a +2 spear of venom!
There is an escape hatch in the floor here.
The gnoll hits you from afar with a +4 spear of distortion.
You blink.
Unknown command.
The gnoll is no longer moving quickly.
You see here a jackal skeleton.
There is a stone staircase leading up here.
The gnoll hits you with a +4 spear of distortion.
Space warps horribly around you!
* * * LOW HITPOINT WARNING * * *
There is a stone staircase leading up here.
The gnoll hits you from afar with a +2 spear of venom.
* * * LOW HITPOINT WARNING * * *
You are lethally poisoned!
You climb upwards.
You die...

#.###.........#.....#
#...
#...............#####
#.##
######.#...###.########.#
#.#...# #..........#
#.#...# ##########.#
#.##.## #.## #.##.# #...
#.##g### ####
#.##@..##############
#.####.#............. #.#
#.#.######..#### #.#
#.#.# #..# ## #.# #.#.#
#..# #. #.#
#.#.######..###. #.#
#............... #.#
###...#####..####
#.###.......###..#


You could see a gnoll.

Vanquished Creatures
  An orc priest (D:4)
  A gnoll shaman (D:4)
  An iguana (D:4)
  8 adders
  A gnoll (D:4)
  4 worms
  A dart slug (D:3)
  7 orcs
  3 bats
  6 endoplasms
  3 giant cockroaches
  3 goblins (D:2)
  4 hobgoblins
  5 jackals
  2 quokkas
  6 ball pythons
  3 frilled lizards
  10 kobolds
  4 rats
73 creatures vanquished.

Vanquished Creatures (others)
  A quokka (D:4)
1 creature vanquished.

Grand Total: 74 creatures vanquished

Notes
Turn   | Place    | Note
-------+----------+-------------------------------------------
     0 | D:1      | CollectiveS the Demonspawn Fighter began the quest for the
                  | Orb.
     0 | D:1      | Reached XP level 1. HP: 18/18 MP: 1/1
    71 | D:1      | Reached skill level 2 in Maces & Flails
   298 | D:1      | Found Hokod Veth's Weapon Boutique.
   386 | D:1      | Gained mutation: You have a pair of small horns on your
                  | head. [demonic ancestry]
   386 | D:1      | Reached XP level 2. HP: 24/24 MP: 2/2
   492 | D:1      | Found a faded altar of an unknown god.
   539 | D:1      | Prayed at the altar of an unknown god.
   539 | D:1      | Became a worshipper of Ashenzari the Shackled
   885 | D:2      | You fall into a shaft and drop 2 floors!
   888 | D:4      | Got the Compendium of Floating Transmutation
   904 | D:4      | Reached skill level 3 in Maces & Flails
   904 | D:4      | Gained mutation: You regenerate a little health from kills.
                  | [demonic ancestry]
   904 | D:4      | Reached XP level 3. HP: 27/29 MP: 3/3
  1191 | D:2      | Found a sparkling altar of Nemelex Xobeh.
  1601 | D:2      | Gained mutation: You have a pair of horns on your head.
                  | [demonic ancestry]
  1601 | D:2      | Reached XP level 4. HP: 35/35 MP: 4/4
  1956 | D:2      | Reached skill level 4 in Maces & Flails
  2147 | D:3      | Reached * piety under Ashenzari
  2247 | D:3      | Identified the +2 robe of the Robin {+Inv rF+ Stlth+}
  2596 | D:3      | Identified a scroll of acquirement
  2891 | D:4      | Gained mutation: You regenerate health from kills. [demonic
                  | ancestry]
  2891 | D:4      | Reached XP level 5. HP: 42/42 MP: 5/5
  2941 | D:4      | Reached skill level 5 in Maces & Flails
  3827 | D:3      | Succumbed to a gnoll's poison

Illustrated notes

Levels and vault maps discovered:
D:1:      ebering_trefoil_3fold, layout_loops_ring, basic_ecumenical_altar,
          serial_shops, nicolae_shop_trees
D:2:      minmay_razor_zed, layout_loops_ring, basic_altar
D:3:      wad_river_or_something, layout_loops_ring
D:4:      layout_rooms, elyvilon_altar_4, dk_noncrumbling_3

Skill      XL: |  1  2  3  4  5 |
---------------+----------------+-----
Maces & Flails | 2 3 4 5 |  5.6
Fighting       | |  3.0
Armour         | |  2.7
Shields        | |  2.7

Action                   |  1- 3 |  4- 6 || total
-------------------------+-------+-------++-------
Melee: Flail             |   110 |   110 ||   220
       Headbutt          |    13 |    14 ||    27
Invok: Curse Item        |     1 |     1 ||     2
Armor: Scale mail        |    48 |    23 ||    71
       Chain mail        |       |    10 ||    10
Dodge: Dodged            |    44 |    36 ||    80
Block: Buckler           |    27 |    53 ||    80
       Reflection        |       |     2 ||     2

Table legend: (Time is in decaauts)
 A = Elapsed time spent in this place.
 B = Non-inter-level travel time spent in this place.
 C = Inter-level travel time spent in this place.
 D = Time resting spent in this place.
 E = Time spent auto-exploring this place.
 F = Levels seen in this place.
 G = Mean time per level.
                   A        B        C        D        E       F      G
               +--------+--------+--------+--------+--------+-----+--------+
         Total |   3882 |   3684 |    198 |    606 |   1972 |   4 |  970.5 |
       Dungeon |   3882 |   3684 |    198 |    606 |   1972 |   4 |  970.5 |
               +--------+--------+--------+--------+--------+-----+--------+

Top non-repeatable levels by time:
     D:3: 1398 daAuts
     D:2: 1068 daAuts
     D:1: 885 daAuts
     D:4: 530 daAuts
